 Dungeon Crawl Stone Soup version 0.24-a0-165-g1b465fe (webtiles) character file.

Game seed: 11341127472616709627

3218 Dfrag the Chopper (level 9, -5/85 HPs)
             Began as a Deep Dwarf Necromancer on Mar 7, 2019.
             Was a Follower of Makhleb.
             Slain by a warg (12 damage)
             ... on level 8 of the Dungeon.
             The game lasted 00:14:59 (8303 turns).

Dfrag the Chopper (Deep Dwarf Necromancer)          Turns: 8303, Time: 00:15:00

Health: -5/85      AC:  5    Str: 11    XL:     9   Next: 65%
Magic:  9/17       EV: 13    Int: 20    God:    Makhleb [*.....]
Gold:   459        SH:  0    Dex: 13    Spells: 16/20 levels left

rFire    + . .     SeeInvis .   J - +5 battleaxe (curse)
rCold    . . .     Gourm    .   (shield currently unavailable)
rNeg     . . .     Faith    .   a - +0 robe
rPois    .         Spirit   .   (no helmet)
rElec    .         Reflect  .   k - +0 cloak
rCorr    .         Harm     .   v - +1 pair of gloves
MR       +....                  (no boots)
Stlth    ++........             (no amulet)
HPRegen  0.00/turn              q - +1 ring of evasion
MPRegen  0.15/turn              t - ring of protection from fire

@: very slightly contaminated, non-regenerating, drained
A: damage resistance, heal wounds, sense surroundings 2, no regeneration
a: Heal Wounds, Renounce Religion


You were on level 8 of the Dungeon.
You worshipped Makhleb.
Makhleb was aware of your devotion.
You were not hungry.

You visited 2 branches of the dungeon, and saw 9 of its levels.

You collected 459 gold pieces.

Inventory:

Hand Weapons
 g - a +0 hand axe
 o - a +2 mace of protection
 u - a +0 war axe
 y - a +2 mace of holy wrath
 E - a +2 scythe of venom
 J - a cursed +5 battleaxe (weapon)
Missiles
 K - 19 stones (quivered)
Armour
 a - a +0 robe (worn)
 k - a +0 cloak (worn)
 v - a +1 pair of gloves (worn)
 D - a +0 leather armour of cold resistance
Magical Staves
 s - an uncursed staff of wizardry
Jewellery
 q - a +1 ring of evasion (left hand)
 t - a ring of protection from fire (right hand)
Wands
 F - a wand of paralysis (9)
 G - a wand of acid (3)
 I - a wand of polymorph (23)
Scrolls
 d - 16 scrolls of identify {unknown}
 f - a scroll of magic mapping {unknown}
 h - 4 scrolls of teleportation
 j - 2 scrolls of fear {unknown}
 m - 2 scrolls of noise {unknown}
 p - 7 scrolls of remove curse {unknown}
 x - 3 scrolls of amnesia {unknown}
 z - a scroll of immolation {unknown}
 A - a scroll of enchant weapon {unknown}
 H - a scroll of blinking {unknown}
Potions
 b - a potion of cancellation {unknown}
 e - 2 potions of might {unknown}
 i - 3 potions of heal wounds {unknown}
 l - 2 potions of lignification {unknown}
 n - a potion of invisibility {unknown}
 r - 2 potions of haste
 w - a potion of degeneration {unknown}
 B - a potion of curing {unknown}
 C - a potion of agility {unknown}
Comestibles
 c - 18 rations


   Skills:
 + Level 6.5(5.4) Fighting
 + Level 7.9(6.7) Axes
 - Level 2.1(1.2) Dodging
 - Level 2.4(1.4) Stealth
 - Level 6.3(5.2) Spellcasting
 - Level 7.1(6.0) Necromancy


You had 16 spell levels left.
You knew the following spells:

 Your Spells              Type           Power        Failure   Level  Hunger
a - Pain                  Necr           ####         1%          1    None
b - Vampiric Draining     Necr           ####......   2%          3    ##.....

Your spell library contained the following spells:

 Spells                   Type           Power        Failure   Level  Hunger
 Animate Skeleton         Necr           N/A          1%          1    None
 Animate Dead             Necr           N/A          10%         4    ####...
 Sandblast                Erth           #.....       12%         1    None
 Passwall                 Tmut/Erth      #.......     17%         2    None
 Stone Arrow              Conj/Erth      #.....       34%         3    ##.....
 Petrify                  Tmut/Erth      #.......     75%         4    ####...
 Lee's Rapid Deconstruct  Erth           #.........   97%         5    #####..
 Regeneration             Chrm/Necr      Unusable     N/A         3    N/A

Dungeon Overview and Level Annotations

Branches:
Dungeon (8/15)             Temple (1/1) D:6
   Lair: D:8-11

Altars:
Ashenzari
Cheibriados
Dithmenos
Elyvilon
Fedhas
Gozag
Hepliaklqana
Kikubaaqudgha
Makhleb
Nemelex Xobeh
Okawaru
Qazlal
Ru
Sif Muna
Trog
Uskayaw
Wu Jian
Xom
Yredelemnul
Zin
The Shining One

Shops:
D:5 %   D:8 =

Annotations:
D:5 Menkaure
D:7 3 runed translucent doors, silenth's ghost, novice BaFi


Innate Abilities, Weirdness & Mutations

You are resistant to damage.
You can heal yourself by infusing magical energy.
You passively map the area around you.
You do not regenerate.


Message History

Unknown command.
Casting: Pain (safe; 1% risk of failure)
Confirm with . or Enter, or press ? or * to list all spells.
Aiming: Vampiric Draining (safe; 2% risk of failure)
Press: ? - help, Shift-Dir - straight line, f/p - warg
Aim: a warg (lightly wounded)
The warg is heavily wounded.
You feel life coursing into your body. The warg barely misses you.
The warg bites you!
* * * LOW HITPOINT WARNING * * *
Unknown command.
Casting: Vampiric Draining (safe; 2% risk of failure)
Confirm with . or Enter, or press ? or * to list all spells.
Aiming: Vampiric Draining (safe; 2% risk of failure)
Press: ? - help, Shift-Dir - straight line, f/p - warg
Aim: a warg (heavily wounded)
You miscast Vampiric Draining.
You are very lightly contaminated with residual magic.
Nothing appears to happen.
The warg bites you!
You die...

##################
#................P
#@...P............
#.h..≈≈≈≈≈≈≈≈≈≈≈≈≈
#....≈≈≈≈≈≈≈≈≈≈≈≈≈
#....≈≈#####hh≈≈≈≈
#....≈≈#ooo#hh....
#...P≈≈#.o.#######
#....≈≈###'# ,
#....≈≈≈.#.# #
#########.P..≈≈≈.#.#
, *:


You could see a warg.

Vanquished Creatures
  Sigmund (D:5)
  Edmund (D:5)
  5 wargs (D:8)
  A water moccasin (D:5)
  2 orc warriors
  2 ice beasts
  A necrophage (D:6)
  A phantom (D:4)
  2 ogres
  A centaur (D:8)
  A big kobold (D:8)
  Blork the orc (D:5)
  A bullfrog (D:8)
  A wyvern skeleton (D:8)
  3 wights (D:8)
  4 howler monkeys
  An electric eel (D:6)
  A crimson imp (D:7)
  3 hounds
  A quasit (D:5)
  A jelly (D:6)
  3 orc priests
  A centaur skeleton (D:5)
  9 orc wizards
  3 worker ants
  A howler monkey zombie (D:7)
  A worker ant zombie (D:7)
  5 adders
  3 shadow imps
  An adder zombie (D:6)
  3 adder skeletons
  A worm (D:3)
  A dart slug (D:3)
  5 leopard geckos
  55 orcs
  2 ball pythons
  4 bats
  3 giant cockroaches
  8 hobgoblins
  13 kobolds
  2 quokkas
  6 frilled lizards
  8 goblins
  A jackal zombie (D:6)
  A leopard gecko zombie (D:5)
  A quokka skeleton (D:8)
  4 rats
180 creatures vanquished.

Vanquished Creatures (others)
  An orc wizard (D:8)
  A plant (D:8)
2 creatures vanquished.

Grand Total: 182 creatures vanquished

Notes
Turn   | Place    | Note
-------+----------+-------------------------------------------
     0 | D:1      | Dfrag the Deep Dwarf Necromancer began the quest for the
                  | Orb.
     0 | D:1      | Reached XP level 1. HP: 15/15 MP: 3/3
   821 | D:2      | Reached XP level 2. HP: 20/22 MP: 0/5
   952 | D:2      | Reached XP level 3. HP: 14/28 MP: 2/7
   957 | D:2      | Learned a level 3 spell: Vampiric Draining
  1116 | D:2      | Found a hide-covered altar of Uskayaw.
  1704 | D:3      | Reached skill level 5 in Necromancy
  1707 | D:3      | HP: 1/28 [orc priest/divine providence (13)]
  1726 | D:3      | Reached XP level 4. HP: 21/36 MP: 0/9
  1982 | D:3      | Found a snail-covered altar of Cheibriados.
  2138 | D:3      | Reached XP level 5. HP: 22/42 MP: 4/10
  2610 | D:3      | Reached XP level 6. HP: 24/49 MP: 2/12
  3040 | D:4      | Found a blossoming altar of Fedhas.
  3348 | D:4      | Reached skill level 5 in Spellcasting
  3643 | D:5      | Entered Level 5 of the Dungeon
  3644 | D:5      | Found an iron altar of Okawaru.
  3644 | D:5      | Noticed an ice beast
  3644 | D:5      | Noticed a water moccasin
  3659 | D:5      | Killed an ice beast
  3659 | D:5      | Reached XP level 7. HP: 18/55 MP: 2/15
  3867 | D:5      | Noticed Edmund
  3877 | D:5      | Killed Edmund
  3905 | D:5      | Found Gepsith's Food Shoppe.
  4120 | D:5      | Noticed Blork the orc
  4121 | D:5      | Noticed Sigmund
  4127 | D:5      | Killed Blork the orc
  4127 | D:5      | Reached skill level 1 in Axes
  4135 | D:5      | Killed Sigmund
  4135 | D:5      | Reached XP level 8. HP: 63/67 MP: 1/17
  4795 | D:5      | Noticed Menkaure
  4886 | D:6      | Found a faded altar of an unknown god.
  4886 | D:6      | Found a faded altar of an unknown god.
  4894 | D:6      | Found a basalt altar of Yredelemnul.
  4898 | D:6      | Found an ancient bone altar of Kikubaaqudgha.
  4915 | D:6      | Found a sacrificial altar of Ru.
  5169 | D:6      | Found a staircase to the Ecumenical Temple.
  5252 | Temple   | Entered the Ecumenical Temple
  5751 | D:6      | Found a glowing silver altar of Zin.
  5753 | D:6      | Found a shimmering altar of Xom.
  5753 | D:6      | Found a blossoming altar of Fedhas.
  5757 | D:6      | Found a bloodstained altar of Trog.
  5757 | D:6      | Found an iron altar of Okawaru.
  5757 | D:6      | Found a hazy altar of Hepliaklqana.
  5908 | D:6      | Found a sparkling altar of Nemelex Xobeh.
  5909 | D:6      | Found an opulent altar of Gozag.
  5947 | D:7      | Found a stormy altar of Qazlal.
  5982 | D:7      | Reached skill level 5 in Axes
  6450 | D:7      | Gained mutation: You passively map the area around you.
                  | [Deep Dwarf growth]
  6450 | D:7      | Reached XP level 9. HP: 47/77 MP: 14/18
  6503 | D:7      | Found a hazy altar of Hepliaklqana.
  6504 | D:7      | Found a runed translucent gate.
  6504 | D:7      | Found a runed translucent gate.
  6508 | D:7      | Found a runed translucent gate.
  6509 | D:7      | Noticed silenth's ghost (novice BaFi)
  6813 | D:8      | Found Atonn's Jewellery Shop.
  6825 | D:8      | Found a burning altar of Makhleb.
  6837 | D:8      | Became a worshipper of Makhleb the Destroyer
  6955 | D:8      | Reached skill level 5 in Fighting
  7723 | D:8      | Reached * piety under Makhleb
  7818 | D:8      | Noticed an orc knight
  8154 | D:8      | Noticed an orc warlord
  8303 | D:8      | Slain by a warg

Levels and vault maps discovered:
D:1:      minmay_arrival_jagged, layout_loops_corners
D:2:      layout_basic, eat_drink_and_be_merry_uskayaw, guppyfry_early_orc_mine
D:3:      layout_loops_cross, kennysheep_slug_shrine, first_ration
D:4:      layout_gridville, minmay_misc_feat_five, fedhas_altar_4
D:5:      layout_cave_pods, serial_shops, nicolae_shop_behind_doors,
          okawaru_metal_pillars_1_2, uniq_sigmund, uniq_menkaure, uniq_edmund,
          uniq_blork_the_orc
D:6:      layout_loops_cross, chequers_temple_overflow_minitemple,
          doesnt_xom_only_xom, grunt_temple_overflow_opulence,
          minmay_temple_entry_overgrown, minivault_14
D:7:      layout_loops_corners, nicolae_qazlal_eye_of_the_storm,
          kennysheep_mini_moat, ebering_ghost_rock_garden
D:8:      lemuel_castle_with_subvaults [lemuel_castle_interior_carwin_1],
          layout_basic, lemuel_crystal_altar, serial_shops, shop
Temple:   jpeg_temple_island

Skill      XL: |  1  2  3  4  5  6  7  8  9 |
---------------+----------------------------+-----
Spellcasting   | 2 3 4 5 6 |  6.3
Necromancy     | 5 6 7 |  7.1
Axes           | 2 5 7 |  7.9
Fighting       | 2 4 6 |  6.5
Dodging        | |  2.1
Stealth        | |  2.4

Action                   |  1- 3 |  4- 6 |  7- 9 || total
-------------------------+-------+-------+-------++-------
Melee: Hand axe          |    13 |       |       ||    13
       Mace              |    49 |    66 |    77 ||   192
       Scythe            |       |       |    99 ||    99
 Cast: Pain              |    32 |    41 |    50 ||   123
       Vampiric Draining |     8 |    30 |    98 ||   136
 Abil: Heal Wounds       |     2 |       |     2 ||     4
Evoke: Wand              |       |       |    10 ||    10
  Use: Scroll            |       |       |     4 ||     4
       Potion            |       |       |     1 ||     1
 Stab: Sleeping          |     3 |       |     3 ||     6
       Paralysed         |       |       |    11 ||    11
  Eat: Chunk             |     3 |     9 |    16 ||    28
       Ration            |       |       |     1 ||     1
Armor: Robe              |    20 |    25 |    70 ||   115
Dodge: Dodged            |    50 |    73 |   213 ||   336

Table legend:
 A = Non-vault XP
 B = Vault XP
 C = Vault XP percentage of total XP
 D = Non-vault monster count
 E = Vault monster count
 F = Vault count percentage of total count
                 A         B        C        D         E       F
            +---------+---------+-------+---------+---------+-------
      Total |    3094 |    1504 |  32.7 |     149 |      32 |  17.7
            +---------+---------+-------+---------+---------+-------
        D:1 |      11 |       0 |   0.0 |       7 |       0 |   0.0
        D:2 |      44 |      17 |  27.9 |      16 |       7 |  30.4
        D:3 |     326 |       4 |   1.2 |      41 |       1 |   2.4
        D:4 |     324 |       0 |   0.0 |      11 |       0 |   0.0
        D:5 |     704 |     483 |  40.7 |      18 |       3 |  14.3
        D:6 |     517 |       0 |   0.0 |      21 |       0 |   0.0
        D:7 |     401 |       0 |   0.0 |      16 |       0 |   0.0
        D:8 |     767 |    1000 |  56.6 |      19 |      21 |  52.5
            +---------+---------+-------+---------+---------+-------
